 Dungeon Crawl Stone Soup version 0.29-a0-221-gceb61267dd (webtiles) character file.

Game seed: 3208580373195398719

48 avis the Skirmisher (level 3, -2/36 HPs)
             Began as a Hill Orc Monk on Feb 26, 2022.
             Slain by a howler monkey (6 damage)
             ... on level 2 of the Dungeon.
             The game lasted 00:06:59 (1620 turns).

avis the Skirmisher (Hill Orc Monk)                 Turns: 1620, Time: 00:07:00

Health: -2/36      AC: 10    Str: 15    XL:     3   Next: 72%
Magic:  3/3        EV:  2    Int: 10    God:
Gold:   69         SH:  7    Dex: 13    Spells: 2/2 levels left

rFire   . . .      SeeInvis .   a - +0 hand axe
rCold   . . .      Faith    .   e - +0 kite shield
rNeg    . . .      Spirit   .   d - +0 plate armour
rPois   .          Reflect  .   (no helmet)
rElec   .          Harm     .   (no cloak)
rCorr   .          Rampage  .   (no gloves)
Will    .....                   (no boots)
Stlth   ..........              (no amulet)
HPRegen 0.12/turn               g - ring of flight
MPRegen 0.08/turn               (no ring)

@: flying
A: no striking features
a: no special abilities


You were on level 2 of the Dungeon.
You visited 1 branch of the dungeon, and saw 2 of its levels.

You collected 69 gold pieces.

Inventory:

Hand Weapons
 a - a +0 hand axe (weapon)
 j - a +0 spear
Missiles
 f - 18 stones (quivered)
Armour
 d - a +0 plate armour (worn)
 e - a +0 kite shield (worn)
Jewellery
 g - a ring of flight (left hand)
Scrolls
 c - 2 scrolls of amnesia {unknown}
 h - 2 scrolls of identify {unknown}
 k - a scroll of enchant armour {unknown}
Potions
 b - a potion of mutation {unknown}
 i - a potion of heal wounds {unknown}


   Skills:
 - Level 5.0 Fighting
 - Level 4.0(4.3) Axes
 * Level 1.9(2.9) Polearms
 - Level 2.4 Dodging
 - Level 1.5 Stealth


You had 2 spell levels left.
You didn't know any spells.
Your spell library was empty.

Dungeon Overview and Level Annotations

Branches:
Dungeon (2/15)

Altars:

Shops:
D:1 !(!(


Message History

The giant cockroach bites you.
* * * LOW HITPOINT WARNING * * *
Okay, then.
You barely miss the giant cockroach.
The giant cockroach is moderately wounded.
You block the giant cockroach's attack.
You barely miss the giant cockroach.
The giant cockroach is moderately wounded.
You block the giant cockroach's attack.
The giant cockroach bites you but does no damage.
You hit the giant cockroach but do no damage.
The giant cockroach is moderately wounded.
The giant cockroach bites you.
* * * LOW HITPOINT WARNING * * *
You hit the giant cockroach.
You kill the giant cockroach!
The howler monkey barely misses you.
You barely miss the howler monkey.
You block the howler monkey's attack. x2
You closely miss the howler monkey.
The howler monkey hoots and howls with incredible vigour!
You hear an angry hiss.
You hear a shout!
You barely miss the howler monkey.
The howler monkey hits you but does no damage.
You block the howler monkey's attack.
You hit the howler monkey.
The howler monkey is moderately wounded.
The howler monkey hits you but does no damage.
You hit the howler monkey.
The howler monkey is moderately wounded.
You block the howler monkey's attack. The howler monkey hits you.
* * * LOW HITPOINT WARNING * * *
You closely miss the howler monkey.
The howler monkey is moderately wounded.
The howler monkey hoots and howls with incredible vigour!
You closely miss the howler monkey.
The howler monkey is moderately wounded.
The howler monkey hits you.
* * * LOW HITPOINT WARNING * * *
The howler monkey hits you.
You die...

### #.. #.#
#### #<# ...
#.# #######.#
# #.#
#...@hg.# ##.
#..
#..###..#...
### #.
###..#.#.. #.
#.........#
#..#.#..#.....
#.......######
##......#
#......#
#......#


You could see a howler monkey and a hobgoblin.

Vanquished Creatures
  2 adders (D:2)
  A dart slug (D:1)
  3 bats (D:1)
  2 endoplasms (D:1)
  3 giant cockroaches
  3 goblins (D:1)
  3 hobgoblins
  2 quokkas (D:1)
  7 ball pythons (D:1)
  2 rats (D:1)
28 creatures vanquished.

Vanquished Creatures (others)
  2 plants (D:1)
2 creatures vanquished.

Grand Total: 30 creatures vanquished

Notes
Turn   | Place    | Note
-------+----------+-------------------------------------------
     0 | D:1      | avis the Hill Orc Monk began the quest for the Orb.
     0 | D:1      | Reached XP level 1. HP: 19/19 MP: 1/1
   223 | D:1      | Reached skill level 4 in Fighting
   224 | D:1      | Reached XP level 2. HP: 27/27 MP: 2/2
   229 | D:1      | Found Ethrereu's Weapon Shoppe.
   355 | D:1      | Found Hozxuurph's Distillery.
   458 | D:1      | Found Reheidue's Distillery.
   763 | D:1      | Found a faded altar of an unknown god.
  1086 | D:1      | Reached XP level 3. HP: 33/35 MP: 3/3
  1121 | D:1      | Found Adoligg's Weapon Shoppe.
  1125 | D:1      | Reached skill level 5 in Fighting
  1593 | D:2      | Reached skill level 1 in Polearms
  1620 | D:2      | Slain by a howler monkey

Illustrated notes

Levels and vault maps discovered:
D:1:      denvon_arrival_planthouse, layout_basic,
          nicolae_ecumenical_snake_handling, serial_shops, shop_statue, shop,
          nicolae_shop_hallway_plus, nicolae_shop_bloodbath_and_beyond,
          minmay_misc_feat_room
D:2:      layout_loops_cross, basic_altar, roderic_three_in_a_row, uniq_terence

Skill      XL: |  1  2  3 |
---------------+----------+-----
Fighting       | 4 5 |  5.0
Polearms       | 1 |  1.9
Axes           | |  4.0
Dodging        | |  2.4
Stealth        | |  1.5

Action                   || total
-------------------------++-------
Melee: Hand axe          ||    99
       Spear             ||     6
Armor: Plate armour      ||    77
       Robe              ||     1
Dodge: Dodged            ||    11
Block: Kite shield       ||    42

Table legend: (Time is in decaauts)
 A = Elapsed time spent in this place.
 B = Non-inter-level travel time spent in this place.
 C = Inter-level travel time spent in this place.
 D = Time resting spent in this place.
 E = Time spent auto-exploring this place.
 F = Levels seen in this place.
 G = Mean time per level.
                   A        B        C        D        E       F      G
               +--------+--------+--------+--------+--------+-----+--------+
         Total |   1648 |   1402 |    246 |    141 |    928 |   2 |  824.0 |
       Dungeon |   1648 |   1402 |    246 |    141 |    928 |   2 |  824.0 |
               +--------+--------+--------+--------+--------+-----+--------+

Top non-repeatable levels by time:
     D:1: 1583 daAuts
     D:2: 65 daAuts
